 Dungeon Crawl Stone Soup version 0.28-a0-969-g2dcde036d2 (webtiles) character file.

Game seed: 13728449283675156376

52 Decritt the Skirmisher (level 3, -4/29 HPs)
             Began as a Demonspawn Abyssal Knight on Dec 1, 2021.
             Was a Believer of Lugonu.
             Slain by a worm (7 damage)
             ... on level 2 of the Dungeon.
             The game lasted 00:03:32 (2058 turns).

Decritt the Skirmisher (Demonspawn Abyssal Knight)  Turns: 2058, Time: 00:03:32

Health: -4/29      AC:  7    Str: 15    XL:     3   Next: 60%
Magic:  4/4        EV:  9    Int: 11    God:    Lugonu [**....]
Gold:   92         SH:  0    Dex: 13    Spells: 2/2 levels left

rFire   . . .      SeeInvis .   a - +1 spear
rCold   . . .      Faith    .   (no shield)
rNeg    . . .      Spirit   .   j - +0 scale mail
rPois   +          Reflect  .   (no helmet)
rElec   .          Harm     .   e - +0 cloak
rCorr   .          Rampage  .   (no gloves)
Will    .....                   (no boots)
Stlth   ..........              (no amulet)
HPRegen 0.09/turn               i - ring of poison resistance
MPRegen 0.09/turn               (no ring)

@: no status effects
A: demonic magic 1
a: Renounce Religion, Depart the Abyss, Bend Space


You were on level 2 of the Dungeon.
You worshipped Lugonu.
Lugonu was pleased with you.
You visited 1 branch of the dungeon, and saw 2 of its levels.
You visited the Abyss 1 time.

You collected 92 gold pieces.

Inventory:

Hand Weapons
 a - a +1 spear (weapon)
Armour
 b - a +0 leather armour
 d - a +0 ring mail
 e - a +0 cloak (worn)
 j - a +0 scale mail (worn)
Jewellery
 i - a ring of poison resistance (left hand)
Scrolls
 f - 2 scrolls of identify {unknown}
 k - a scroll of enchant armour {unknown}
 l - a scroll of brand weapon {unknown}
Potions
 c - a potion of resistance {unknown}
 g - 2 potions of lignification {unknown}
 h - a potion of degeneration {unknown}


   Skills:
 * Level 3.6 Fighting
 + Level 2.1 Polearms
 * Level 2.5 Armour
 + Level 1.4 Dodging
 - Level 2.4 Invocations


You had 2 spell levels left.
You didn't know any spells.
Your spell library was empty.

Dungeon Overview and Level Annotations

Branches:
Dungeon (2/15)

Altars:


Innate Abilities, Weirdness & Mutations

Spells you cast may paralyse adjacent enemies.


Message History

a scroll labelled GIENEOC XAING; 2 pink potions You hit the gnoll.
The gnoll is lightly wounded.
The gnoll closely misses you.
You hit the gnoll.
The gnoll is moderately wounded.
The gnoll closely misses you.
The hobgoblin hits you but does no damage.
You closely miss the gnoll.
The gnoll is lightly wounded.
The gnoll hits you but does no damage. The hobgoblin hits you.
You hit the gnoll.
The gnoll is heavily wounded.
The gnoll hits you with a +0 flail!
* * * LOW HITPOINT WARNING * * *
The hobgoblin barely misses you.
You hit the gnoll.
The gnoll is severely wounded.
The gnoll barely misses you.
The hobgoblin hits you but does no damage.
You hit the gnoll.
The gnoll is almost dead.
The gnoll hits you with a +0 flail.
* * * LOW HITPOINT WARNING * * *
The hobgoblin barely misses you.
You hit the gnoll.
The gnoll is almost dead.
The gnoll hits you with a +0 flail.
* * * LOW HITPOINT WARNING * * *
The hobgoblin hits you but does no damage.
You hit the gnoll.
You kill the gnoll!
Lugonu accepts your kill. The hobgoblin barely misses you.
You hit the worm.
The worm is lightly wounded.
The hobgoblin hits you.
* * * LOW HITPOINT WARNING * * *
The worm bites you!
You die...

#.##...†# #.# #.......
#....# #.######....###
###....### #..........##
#........# ##########.#
#........### ########.##
#..........###.........#
#........#..##.........###
#.......###..#............
#......##@##.#.###########
#.......#wg....##
#(...#.##g##.#..##
#...####...####..# #..##
...$... ##.#
#...####...####..#
#....#.##.##.#..##
##......#.#....##
##....##)##.###


You could see a worm, a hobgoblin and a goblin.

Vanquished Creatures
  A gnoll (D:2)
  A dart slug (D:1)
  8 bats
  2 endoplasms (D:1)
  4 giant cockroaches
  3 goblins (D:1)
  5 hobgoblins
  A kobold (D:2)
  3 quokkas
  4 ball pythons
  2 rats (D:1)
34 creatures vanquished.

Notes
Turn   | Place    | Note
-------+----------+-------------------------------------------
     0 | Abyss:1  | Decritt the Demonspawn Abyssal Knight began the quest for
                  | the Orb.
     0 | Abyss:1  | Reached XP level 1. HP: 18/18 MP: 2/2
     9 | D:1      | Escaped the Abyss
   232 | D:1      | Reached skill level 1 in Dodging
   323 | D:1      | Gained mutation: Spells you cast may paralyse adjacent
                  | enemies. [demonic ancestry]
   323 | D:1      | Reached XP level 2. HP: 8/24 MP: 3/3
  1035 | D:1      | Reached ** piety under Lugonu
  1137 | D:1      | Reached XP level 3. HP: 26/29 MP: 4/4
  2058 | D:2      | Slain by a worm

Illustrated notes

Levels and vault maps discovered:
D:1:      dpeg_arrival_solitude, layout_basic, minmay_tromino_v7
D:2:      layout_basic, serial_park_tiny_2, minmay_fractal_squares_gapless_5

Skill      XL: |  1  2 |
---------------+-------+-----
Dodging        | 1 |  1.4
Armour         | 2 |  2.5
Polearms       | 2 |  2.1
Fighting       | |  3.6
Invocations    | |  2.4

Action                   || total
-------------------------++-------
Melee: Spear             ||   147
Armor: Ring mail         ||    39
       Scale mail        ||    15
Dodge: Dodged            ||    60

Table legend: (Time is in decaauts)
 A = Elapsed time spent in this place.
 B = Non-inter-level travel time spent in this place.
 C = Inter-level travel time spent in this place.
 D = Time resting spent in this place.
 E = Time spent auto-exploring this place.
 F = Levels seen in this place.
 G = Mean time per level.
                   A        B        C        D        E       F      G
               +--------+--------+--------+--------+--------+-----+--------+
         Total |   2057 |   1998 |     59 |    192 |   1509 |   3 |  685.7 |
       Dungeon |   2048 |   1989 |     59 |    192 |   1509 |   2 | 1024.0 |
         Abyss |      9 |      9 |      0 |      0 |      0 |   1 |    9.0 |
               +--------+--------+--------+--------+--------+-----+--------+

Top non-repeatable levels by time:
     D:1: 1579 daAuts
     D:2: 469 daAuts
 Abyss:1: 9 daAuts
